 Dungeon Crawl Stone Soup version 0.31.0-1-g2c135a0 (webtiles) character file.

Game seed: 1863614882623538130

39 edsrzf the Ducker (level 3, -1/22 HPs)
             Began as a Deep Elf Monk on Jan 30, 2024.
             Slain by a gnoll
             ... wielding a +0 flail
              (8 damage)
             ... on level 2 of the Dungeon.
             The game lasted 00:02:38 (931 turns).

edsrzf the Ducker (Deep Elf Monk)                    Turns: 931, Time: 00:02:38

Health: -1/22      AC:  2    Str:  8    XL:     3   Next: 26%
Magic:  5/5        EV: 13    Int: 16    God:
Gold:   47         SH:  0    Dex: 17    Spells: 2/2 levels left

rFire   . . .        a - +0 falchion
rCold   . . .        d - orb {light}
rNeg    . . .        h - +0 robe
rPois   .            (no helmet)
rElec   .            (no cloak)
rCorr   .            (no gloves)
SInv    .            (no boots)
Will    .....        (no amulet)
Stlth   +            (no ring)
HPRegen 0.23/turn    (no ring)
MPRegen 0.09/turn

%: no passive effects
@: glowing
A: no striking features
a: no special abilities


You were on level 2 of the Dungeon.
You visited 1 branch of the dungeon, and saw 2 of its levels.

You collected 47 gold pieces.

Inventory:

Hand Weapons
 a - a +0 falchion (weapon)
 b - a +0 dagger
Armour
 d - an orb of light (worn)
 h - a +0 robe (worn)
 i - a +0 pair of gloves
Scrolls
 e - a scroll of identify {@r1}
 g - a scroll of poison {unknown}
Potions
 f - a potion of mutation {unknown}
 j - a potion of attraction {unknown}
 k - a potion of degeneration {unknown}
 l - a potion of lignification {unknown}
 m - a potion of heal wounds


   Skills:
 - Level 2.4 Fighting
 + Level 3.4 Long Blades
 - Level 3.6 Dodging
 + Level 2.7 Stealth


You had 2 spell levels left.
You didn't know any spells.
Your spell library was empty.

Dungeon Overview and Level Annotations

Branches:
Dungeon (2/15)

Altars:

Shops:
D:2 !


Message History

a +0 club; a goblin corpse
l - a lumpy emerald potion
m - a viscous amethyst potion A goblin comes into view.
It is wielding a +0 dagger.
Found a ring mail.
The goblin shouts!
You hear a shout! x2
Found a scroll labelled BANTODEDASK.
The goblin unwields a +0 dagger.
The goblin wields a +0 sling.
The goblin shoots a sling bullet.
The sling bullet barely misses you.
The goblin shoots a sling bullet.
The sling bullet barely misses you.
The goblin unwields a +0 sling.
The goblin wields a +0 dagger.
The goblin barely misses you.
You slash the goblin!
You kill the goblin!
An adder and a gnoll come into view.
The adder hisses angrily.
The gnoll shouts!
You hear a shout! x2
A ball python comes into view.
A hobgoblin comes into view.
A gnoll comes into view.
It is wielding a +0 spear and quivering a throwing net.
The adder moves out of view.
The ball python moves out of view.
Things that are here:
a +0 dagger; a +0 sling You see here a +0 ring mail.
A gnoll comes into view. It is wielding a +0 flail.
The gnoll attacks as it pursues you! The gnoll barely misses you.
You see here a +0 ring mail.
The gnoll attacks as it pursues you!
The gnoll hits you from afar with a +0 spear.
The gnoll attacks as it pursues you! The gnoll barely misses you.
The gnoll misses you.
You hit the gnoll.
The gnoll is moderately wounded.
The gnoll hits you with a +0 spear.
You hit the gnoll.
The gnoll is heavily wounded.
The gnoll barely misses you. The gnoll hits you with a +0 spear.
* * * LOW HITPOINT WARNING * * *
Okay, then.
You are confused.
You feel invigorated. The gnoll barely misses you.
You barely miss the gnoll.
The gnoll is moderately wounded.
The gnoll hits you with a +0 spear.
You closely miss the gnoll.
The gnoll is moderately wounded.
The gnoll misses you. The gnoll barely misses you.
You bump into the rock wall.
The gnoll barely misses you. The gnoll hits you with a +0 spear.
You hit the gnoll.
The gnoll is severely wounded.
You feel less invigorated.
You feel less confused. The gnoll hits you with a +0 spear.
You hit the gnoll.
You kill the gnoll!
The adder closely misses you.
You have reached level 3!
Your experience leads to an increase in your attributes!
Increase (S)trength, (I)ntelligence, or (D)exterity?
You feel clever.
You feel clever.
Unknown command.
You hit the adder.
The adder is lightly wounded.
The adder barely misses you.
You closely miss the adder.
The adder is lightly wounded.
The adder bites you.
You are poisoned.
The adder poisons you! The adder bites you.
You barely miss the adder.
The adder is lightly wounded.
You feel sick. The adder misses you.
You aren't carrying any items that you can evoke.
Unknown command.
You hit the adder but do no damage.
The adder is lightly wounded.
You feel sick. The adder bites you.
As you read the scroll labelled QOSOOT YCYUJ, it crumbles to dust.
It is a scroll of identify.
m - a potion of heal wounds You feel sick.
You are no longer poisoned.
The adder barely misses you. The adder bites you.
You hit the adder.
The adder is moderately wounded.
The adder closely misses you.
You closely miss the adder.
The adder is lightly wounded.
The adder completely misses you. The adder misses you.
You slash the adder!
You kill the adder!
You slash the gnoll!
The gnoll is severely wounded.
The gnoll barely misses you.
The gnoll hits you from afar with a +0 spear.
You hit the gnoll.
The gnoll is severely wounded.
The gnoll hits you with a +0 flail!
You die...

#.#.#.....#.#.##.#..g.
##+#.#...# #.#.##....
#........# #.#?##..#
#........###.#.##.#
#....#...#...#.##[#
#....###...###..).#
##.#...........##g#
##.#######.....##g#
.#.#............@.#
.#.#.##...>########
.#.#.#.....#..#
.#.#.#.....#..#
...#.#.....#..###
.###.#.#.#......# .#
#.#.#.#......###>#
.###................#
.......#.##.....#####


You could see a gnoll and a hobgoblin.

Vanquished Creatures
  A gnoll (D:2)
  An adder (D:2)
  A dart slug (D:1)
  A ball python (D:1)
  2 endoplasms (D:1)
  A giant cockroach (D:1)
  2 goblins (D:2)
  A hobgoblin (D:1)
  3 kobolds (D:1)
  A quokka (D:1)
  2 frilled lizards
  3 rats (D:1)
19 creatures vanquished.

Notes
Turn   | Place    | Note
-------+----------+-------------------------------------------
     0 | D:1      | edsrzf the Deep Elf Monk began the quest for the Orb.
     0 | D:1      | Reached XP level 1. HP: 13/13 MP: 3/3
   116 | D:1      | Reached skill level 1 in Stealth
   166 | D:1      | Reached skill level 3 in Long Blades
   173 | D:1      | Reached XP level 2. HP: 16/18 MP: 4/4
   588 | D:1      | Reached skill level 2 in Stealth
   747 | D:2      | Found Uddihel's Distillery.
   921 | D:2      | Reached XP level 3. HP: 19/22 MP: 5/5
   925 | D:2      | Identified 2 scrolls of identify
   925 | D:2      | Identified a potion of heal wounds
   931 | D:2      | Slain by a gnoll

Illustrated notes

Levels and vault maps discovered:
D:1:      ebering_trefoil_twist, layout_loops_cross
D:2:      layout_basic, serial_shops, nicolae_shop_peninsula

Skill      XL: |  1  2 |
---------------+-------+-----
Stealth        | 1 2 |  2.7
Long Blades    | 3 |  3.4
Fighting       | |  2.4
Dodging        | |  3.6

Action                     || total
---------------------------++-------
  Melee: Falchion          ||    59
    Use: Potion            ||     1
         Scroll            ||     1
 Armour: Robe              ||    26
  Dodge: Dodged            ||    48
